 Dungeon Crawl Stone Soup version 0.20-a0-513-g02c11fc (webtiles) character file.

18338 polly the Basher (level 12, -3/76 HPs)
             Began as a Gargoyle Fighter on Jan 23, 2017.
             Was the Champion of Okawaru.
             Slain by a red ugly thing (16 damage)
             ... on level 13 of the Dungeon.
             The game lasted 00:27:24 (12371 turns).

polly the Basher (Gargoyle Fighter)                Turns: 12371, Time: 00:27:25

Health: -3/76      AC: 28    Str: 27    XL:     12   Next: 57%
Magic:  12/12      EV:  7    Int: 11    God:    Okawaru [******]
Gold:   807        SH: 23    Dex: 18    Spells: 9/11 levels left

rFire    . . .     SeeInvis .   a - +0 flail
rCold    . . .     Gourm    .   J - +0 plate armour
rNeg     + . .     Faith    .   T - +0 large shield
rPois    ∞         Spirit   .   s - +0 helmet
rElec    +         Reflect  +   q - +0 cloak
rCorr    .         Harm     .   P - +1 pair of gloves {Dex+3}
MR       .....                  (no boots)
Stlth    ..........             L - +3 amulet of reflection
Regen    0.3/turn               k - +5 ring of strength
                                v - +5 ring of dexterity

@: no status effects
A: negative energy resistance 1, electricity resistance, unbreathing,
petrification resistance, rot immunity, AC +8
a: Heroism, Finesse, Renounce Religion


You were on level 13 of the Dungeon.
You worshipped Okawaru.
Okawaru was exalted by your worship.
You were very hungry.

You visited 1 branch of the dungeon, and saw 13 of its levels.

You collected 807 gold pieces.

Inventory:

Hand Weapons
 a - a +0 flail (weapon)
Armour
 q - a +0 cloak (worn)
 s - a +0 helmet (worn)
 J - a +0 plate armour (worn)
 P - a +1 pair of gloves of dexterity (worn)
 T - a +0 large shield (worn)
Jewellery
 k - a +5 ring of strength (right hand)
 v - a +5 ring of dexterity (left hand)
 L - a +3 amulet of reflection (around neck)
 N - an uncursed ring of ice {unknown}
Wands
 j - a wand of acid (0/15)
 x - a wand of digging (8/24)
 C - a wand of polymorph (13/24)
 K - a wand of flame (35/48)
 O - a wand of iceblast (0/15)
 Q - a wand of lightning (0/15)
 S - a wand of iceblast (0/15)
 V - a wand of iceblast (3/15)
Scrolls
 g - 5 scrolls of enchant weapon {unknown}
 l - 2 scrolls of enchant armour {unknown}
 n - 8 scrolls of teleportation {unknown}
 r - 13 scrolls of remove curse {unknown}
 t - 5 scrolls of magic mapping {unknown}
 w - 3 scrolls of immolation {unknown}
 y - 2 scrolls of noise {unknown}
 B - 2 scrolls of fear {unknown}
 G - 2 scrolls of vulnerability
 H - a scroll of brand weapon
 M - 4 scrolls of identify
 U - a scroll of amnesia {unknown}
 W - a scroll of blinking {unknown}
Potions
 d - 4 potions of might
 e - 2 potions of resistance
 h - 4 potions of flight
 o - 3 potions of cancellation
 p - 2 potions of mutation
 A - 3 potions of haste
 E - 2 potions of lignification
 F - 2 potions of ambrosia
 I - a potion of brilliance
Books
 b - a book of Callings

   Spells                             Type                      Level
   a - Summon Small Mammal            Summoning                    1
   b - Call Imp                       Summoning                    2
   c - Call Canine Familiar           Summoning                    3
   d - Summon Guardian Golem          Hexes/Summoning              3
   e - Summon Lightning Spire         Summoning/Air                4
   f - Summon Ice Beast               Ice/Summoning                4
 u - a book of Minor Magic

   Spells                             Type                      Level
   a - Magic Dart                     Conjuration                  1
   b - Blink                          Translocation                2
   c - Call Imp                       Summoning                    2
   d - Repel Missiles                 Charms/Air                   2
   e - Slow                           Hexes                        2
   f - Conjure Flame                  Conjuration/Fire             3
   g - Mephitic Cloud                 Conjuration/Poison/Air       3
Comestibles
 c - a royal jelly
 f - 8 bread rations
 i - 5 meat rations
 m - 10 fruits


   Skills:
 + Level 9.0 Fighting
 + Level 12.8 Maces & Flails
 + Level 9.3 Armour
 + Level 3.5 Dodging
 + Level 2.1 Stealth
 + Level 11.4 Shields
 + Level 1.2 Evocations


You had 9 spell levels left.
You knew the following spells:

 Your Spells              Type           Power        Failure   Level  Hunger
a - Blink                 Tloc           N/A          100%        2    ###....


Dungeon Overview and Level Annotations

Branches:
Dungeon (13/15)            Temple (0/1) D:5            Lair (0/6) D:10
    Orc (0/2) D:12
 Vaults: D:13-14

Altars:
Cheibriados
Fedhas
Gozag
Hepliaklqana
Kikubaaqudgha
Makhleb
Nemelex Xobeh
Okawaru
Ru
Trog
Uskayaw
Vehumet
Xom
Yredelemnul
Zin


Innate Abilities, Weirdness & Mutations

You are resistant to torment.
Your stone body is resilient. (AC +8)
You are immune to poison.
You resist negative energy. (rN+)
You are resistant to electric shocks. (rElec)
You can survive without breathing.
You are immune to petrification.
You are immune to rotting.


Message History

You are too injured to fight recklessly!
You are too injured to fight recklessly!
You are too injured to fight recklessly!
You are too injured to fight recklessly!
You are too injured to fight recklessly!
You are too injured to fight recklessly!
You are too injured to fight recklessly!
You are too injured to fight recklessly!
You are too injured to fight recklessly!
You are too injured to fight recklessly!
You hit the red ugly thing.
The red ugly thing is severely wounded.
The red ugly thing punches you.
You are engulfed in flames!
* * * LOW HITPOINT WARNING * * *
You see here a bread ration.
As you read the scroll of summoning, it crumbles to dust.
Wisps of shadow whirl around you... The red ugly thing punches you.
* * * LOW HITPOINT WARNING * * *
You are engulfed in flames!
You die...

##.# #.# .# ...
..# ... #.#
..#..<.
###.#####.......
................
##.#.#...#
#.....%..#
######.u#.#.#.#
.......@ua....#
######u5....../.
#.#######..# #.#
..# #.# ....
######.## ##
#.......#
#.#####.#
#.#######.


You could see a red ugly thing, 2 friendly ugly things, a friendly worker ant
and a friendly crimson imp.

Vanquished Creatures
  Harold (D:11)
  Erica (D:9)
  3 two-headed ogres
  The ghost of shmesh the Basher, a novice TrBe of Trog (D:8)
  Sonja (D:11)
  A wizard (D:13)
  2 unseen horrors
  A wolf spider (D:13)
  4 ugly things
  A cyclops (D:12)
  A black mamba (shapeshifter) (D:13)
  Psyche (D:9)
  3 trolls
  A hornet (D:12)
  5 hippogriffs
  10 yaks
  A wyvern (D:5)
  A hungry ghost (D:8)
  A steam dragon (D:10)
  Menkaure (D:4)
  Duvessa (D:4)
  4 orc warriors
  2 sky beasts
  5 ice beasts
  A black bear (D:8)
  2 necrophages
  8 ogres
  3 phantoms
  7 centaurs
  A crocodile (D:11)
  2 big kobolds
  4 bullfrogs
  Dowan (D:4)
  A wyvern skeleton (D:12)
  A scorpion (D:8)
  A howler monkey (D:11)
  An electric eel (D:8)
  5 crimson imps
  A bullfrog zombie (D:12)
  11 hounds
  3 centaur skeletons
  5 jellies
  7 orc priests
  15 orc wizards
  6 iguanas
  9 worker ants
  2 worker ant zombies
  12 adders
  A gnoll (D:11)
  2 howler monkey skeletons
  3 shadow imps
  3 oozes
  3 adder skeletons
  2 worms
  4 dart slugs
  6 leopard geckos
  35 orcs
  A ball python (D:3)
  4 bats
  7 giant cockroaches
  10 goblins
  5 hobgoblins
  4 jackals (D:2)
  3 quokkas
  5 frilled lizards
  A jackal skeleton (D:4)
  15 kobolds
  2 quokka skeletons (D:5)
  6 rats
284 creatures vanquished.

Vanquished Creatures (others)
  3 kobolds (D:10)
3 creatures vanquished.

Grand Total: 287 creatures vanquished

Notes
Turn   | Place    | Note
-------+----------+-------------------------------------------
     0 | D:1      | polly the Gargoyle Fighter began the quest for the Orb.
     0 | D:1      | Reached XP level 1. HP: 14/14 MP: 1/1
   462 | D:1      | Reached XP level 2. HP: 19/19 MP: 2/2
   874 | D:2      | Reached XP level 3. HP: 23/24 MP: 3/3
  1455 | D:3      | Reached XP level 4. HP: 26/29 MP: 4/4
  1562 | D:3      | Reached skill level 3 in Maces & Flails
  1840 | D:3      | Reached XP level 5. HP: 33/33 MP: 5/5
  2202 | D:4      | Noticed an ogre
  2414 | D:4      | Killed an ogre
  2414 | D:4      | Reached skill level 4 in Maces & Flails
  2414 | D:4      | Reached skill level 1 in Dodging
  2414 | D:4      | Reached XP level 6. HP: 29/38 MP: 6/6
  2638 | D:4      | Noticed a phantom
  2674 | D:4      | Killed a phantom
  2674 | D:4      | Reached skill level 5 in Maces & Flails
  2674 | D:4      | Reached XP level 7. HP: 38/44 MP: 7/7
  2819 | D:4      | Found a glowing silver altar of Zin.
  2820 | D:4      | Found a hazy altar of Hepliaklqana.
  2822 | D:4      | Found an iron altar of Okawaru.
  2828 | D:4      | Became a worshipper of Warmaster Okawaru
  2853 | D:4      | Found a snail-covered altar of Cheibriados.
  2879 | D:4      | Noticed Menkaure
  2893 | D:5      | Entered Level 5 of the Dungeon
  3214 | D:4      | Killed Menkaure
  3214 | D:4      | Reached skill level 6 in Maces & Flails
  3214 | D:4      | Reached skill level 5 in Shields
  3378 | D:4      | Noticed Dowan
  3379 | D:4      | Noticed Duvessa
  3405 | D:4      | Killed Duvessa
  3405 | D:4      | Reached * piety under Okawaru
  3405 | D:4      | Reached XP level 8. HP: 46/48 MP: 8/8
  3408 | D:4      | Killed Dowan
  3751 | D:4      | Found an ancient bone altar of Kikubaaqudgha.
  3756 | D:4      | Reached skill level 5 in Fighting
  3756 | D:4      | Reached skill level 7 in Maces & Flails
  4052 | D:5      | Found a staircase to the Ecumenical Temple.
  4656 | D:5      | Reached skill level 5 in Armour
  4661 | D:5      | Reached ** piety under Okawaru
  4661 | D:5      | Reached skill level 8 in Maces & Flails
  4681 | D:5      | Noticed a wyvern
  4700 | D:5      | Killed a wyvern
  4700 | D:5      | Reached XP level 9. HP: 51/54 MP: 9/9
  5860 | D:7      | Reached skill level 1 in Stealth
  5887 | D:7      | Reached skill level 9 in Maces & Flails
  6237 | D:7      | Learned a level 2 spell: Blink
  6560 | D:8      | Reached *** piety under Okawaru
  7215 | D:8      | Found a sparkling altar of Nemelex Xobeh.
  7234 | D:8      | Reached XP level 10. HP: 60/60 MP: 10/10
  7245 | D:8      | Found a basalt altar of Yredelemnul.
  7255 | D:8      | Found a sacrificial altar of Ru.
  7271 | D:8      | Found a burning altar of Makhleb.
  7320 | D:8      | Reached skill level 10 in Maces & Flails
  7403 | D:8      | Found an opulent altar of Gozag.
  7689 | D:8      | Noticed shmesh's ghost (novice TrBe)
  7723 | D:8      | Killed shmesh's ghost
  7723 | D:8      | Reached **** piety under Okawaru
  7777 | D:9      | Noticed Erica
  7860 | D:9      | Killed Erica
  7860 | D:9      | Reached ***** piety under Okawaru
  7988 | D:9      | Noticed Psyche
  8002 | D:9      | Killed Psyche
  8002 | D:9      | Reached skill level 11 in Maces & Flails
  8178 | D:9      | Noticed a two-headed ogre
  8189 | D:9      | Killed a two-headed ogre
  8189 | D:9      | Received a gift from Okawaru
  8189 | D:9      | Reached XP level 11. HP: 58/67 MP: 11/11
  8650 | D:10     | Entered Level 10 of the Dungeon
  8831 | D:10     | Found a staircase to the Lair.
  9087 | D:11     | Killed an unseen horror
  9117 | D:11     | Noticed Sonja
  9117 | D:11     | Noticed a two-headed ogre
  9135 | D:11     | Killed a two-headed ogre
  9152 | D:11     | Killed Sonja
  9152 | D:11     | Received a gift from Okawaru
  9353 | D:11     | Noticed Harold
  9372 | D:11     | HP: 3/102 [Harold/bolt of fire (15)]
  9385 | D:11     | Killed Harold
  9488 | D:11     | Noticed a two-headed ogre
  9494 | D:11     | Killed a two-headed ogre
  9494 | D:11     | Reached skill level 10 in Shields
  9494 | D:11     | Reached skill level 1 in Evocations
  9551 | D:11     | Found a shimmering altar of Xom.
  9553 | D:11     | Found a hide-covered altar of Uskayaw.
  9553 | D:11     | Found a blossoming altar of Fedhas.
  9555 | D:11     | Found a sacrificial altar of Ru.
  9555 | D:11     | Found a bloodstained altar of Trog.
  9555 | D:11     | Found an ancient bone altar of Kikubaaqudgha.
  9593 | D:11     | Reached skill level 12 in Maces & Flails
 10137 | D:11     | Noticed a purple ugly thing
 10149 | D:11     | Killed a purple ugly thing
 10221 | D:12     | Found a radiant altar of Vehumet.
 10241 | D:12     | Noticed a green ugly thing
 10261 | D:12     | Killed a green ugly thing
 10261 | D:12     | Reached ****** piety under Okawaru
 10299 | D:12     | Reached XP level 12. HP: 46/75 MP: 12/12
 10686 | D:12     | Found a staircase to the Orcish Mines.
 11951 | D:13     | Received a gift from Okawaru
 11970 | D:13     | HP: 3/75 [wolf spider (10)]
 11970 | D:13     | HP: 1/75 [wolf spider (2)]
 12371 | D:13     | Slain by a red ugly thing

Vault maps used:
D:1:      kennysheep_arrival_forest
D:2:      hex_large
D:4:      kiku_gazebo_pond_becter, minitemple, cheibriados_altar_1,
          uniq_duvessa, uniq_menkaure
D:5:      kennysheep_windowed_halls, first_bread
D:8:      cheibrodos_helix_gallery, nicolae_overflow_quartered_altars,
          nemelex_xobeh_ov_fountains_minmay
D:9:      grunt_ogre_cave, uniq_erica, uniq_psyche
D:10:     lair_entry_dummy
D:11:     enter_bailey_7, doesnt_xom_only_xom, uniq_sonja, uniq_harold
D:12:     orc_0_dummy, basic_altar, minivault_27
D:13:     kennysheep_funnel, david_vaults_1, uniq_urug

Skill      XL: |  1  2  3  4  5  6  7  8  9 10 11 12 |
---------------+-------------------------------------+-----
Fighting       | 4 5 6 7 8 9 |  9.0
Maces & Flails | 3 4 5 6 8 9 11 12 | 12.8
Dodging        | 1 2 3 |  3.5
Shields        | 4 5 7 8 10 11 | 11.4
Armour         | 4 5 7 8 9 |  9.3
Stealth        | 1 2 |  2.1
Evocations     | 1 |  1.2

Action                   |  1- 3 |  4- 6 |  7- 9 | 10-12 || total
-------------------------+-------+-------+-------+-------++-------
Melee: Flail             |   151 |   136 |   474 |   786 ||  1547
Invok: Heroism           |       |       |       |     1 ||     1
Evoke: Wand              |       |       |       |    13 ||    13
  Use: Scroll            |       |       |    11 |     4 ||    15
       Potion            |       |       |     2 |     8 ||    10
 Stab: Held in net/web   |       |       |       |     1 ||     1
  Eat: Chunk             |     1 |     5 |    14 |     8 ||    28
       Fruit             |       |       |       |     8 ||     8
       Royal jelly       |       |       |       |     1 ||     1
       Meat ration       |       |       |       |     1 ||     1
Armor: Scale mail        |    90 |    72 |   144 |       ||   306
       Plate armour      |       |       |    61 |   388 ||   449
Dodge: Dodged            |    44 |    44 |   108 |   108 ||   304
Block: Shield            |    66 |    55 |   250 |   190 ||   561
       Reflection        |       |       |     1 |    17 ||    18
       Large shield      |       |       |       |   463 ||   463
